 Dungeon Crawl Stone Soup version 0.30-a0-824-g6c64550be9 (webtiles) character file.

Game seed: 6852866855407813116

86 cforsyth the Sneak (level 4, -5/30 HPs)
             Began as a Kobold Brigand on Feb 27, 2023.
             Slain by a gnoll
             ... wielding a +0 spear
              (7 damage)
             ... on level 2 of the Dungeon.
             The game lasted 00:01:54 (2217 turns).

cforsyth the Sneak (Kobold Brigand)                 Turns: 2217, Time: 00:01:55

Health: -5/30      AC:  3    Str:  8    XL:     4   Next: 77%
Magic:  4/4        EV: 15    Int: 12    God:
Gold:   100        SH:  0    Dex: 18    Spells: 3/3 levels left

rFire   . . .      SeeInvis .    a - +2 dagger
rCold   . . .      Faith    .    (no shield)
rNeg    . . .      Spirit   .    b - +0 robe
rPois   .          Reflect  .    (no helmet)
rElec   .          Harm     .    c - +0 cloak
rCorr   .          Rampage  .    (no gloves)
Will    .....                    (no boots)
Stlth   ++++                     (no amulet)
HPRegen 0.25/turn                (no ring)
MPRegen 0.09/turn                (no ring)

@: no status effects
A: small, no large weapons, nightstalker 3, mutation resistance 1, robust 1
a: no special abilities


You were on level 2 of the Dungeon.
You visited 1 branch of the dungeon, and saw 3 of its levels.

You collected 100 gold pieces.

Inventory:

Hand Weapons
 a - a +2 dagger (weapon)
Missiles
 d - 9 poisoned darts (quivered)
 e - 7 curare-tipped darts
Armour
 b - a +0 robe (worn)
 c - a +0 cloak (worn)
Jewellery
 l - a +5 ring of evasion
 m - a ring of magical power
 o - an amulet of regeneration
Scrolls
 f - a scroll of identify {unknown}
 g - a scroll of teleportation {unknown}
 i - a scroll of acquirement {unknown}
 n - 2 scrolls of immolation {unknown}
 p - a scroll of enchant weapon {unknown}
Potions
 h - a potion of mutation
 j - a potion of haste {unknown}
 k - a potion of curing


   Skills:
 + Level 3.1 Fighting
 + Level 3.7 Short Blades
 - Level 2.1 Throwing
 + Level 2.6 Dodging
 + Level 6.1 Stealth


You had 3 spell levels left.
You didn't know any spells.
Your spell library contained the following spells:

 Spells                   Type           Power      Damage    Failure   Level
 Kiss of Death            Conj/Necr      0%         2d5       32%         1
 Confusing Touch          Hex            0%         N/A       69%         3
 Animate Dead             Necr           0%         N/A       97%         4
 Dispel Undead            Necr           0%         3d6       97%         4
 Borgnjor's Vile Clutch   Necr/Erth      0%         N/A       100%        5
 Death Channel            Necr           0%         N/A       100%        6


Dungeon Overview and Level Annotations

Branches:
Dungeon (3/15)

Altars:

Annotations:
D:2 1 runed translucent door, Crazy Yiuf


Innate Abilities, Weirdness & Mutations

You are small and have problems with some larger weapons.
You are completely attuned to the shadows.
You are somewhat resistant to further mutation.
You are robust. (+10% HP)


Message History

You start resting.
HP restored.
You start waiting.
Done waiting.
There is a stone staircase leading down here.
You climb downwards.
There is a stone staircase leading up here.
The gnoll closely misses you. The gnoll misses you.
You hit the gnoll.
The gnoll is heavily wounded.
The gnoll barely misses you.
You closely miss the gnoll.
The gnoll is heavily wounded.
The gnoll barely misses you. The gnoll closely misses you.
You hit the gnoll but do no damage.
The gnoll is heavily wounded.
The gnoll closely misses you. The gnoll barely misses you.
You hit the gnoll.
The gnoll is severely wounded.
The gnoll barely misses you. The gnoll closely misses you.
You hit the gnoll.
The gnoll is severely wounded.
The gnoll closely misses you. x2
You closely miss the gnoll. The gnoll hits you with a +0 flail!
The gnoll hits you from afar with a +0 halberd!
The gnoll hits you with a +0 spear. The gnoll hits you with a +0 flail.
* * * LOW HITPOINT WARNING * * *
There is a stone staircase leading up, spattered with blood here.
The gnoll hits you with a +0 spear.
* * * LOW HITPOINT WARNING * * *
The gnoll closely misses you.
You climb upwards.
Level annotation: 1 runed translucent door, Crazy Yiuf
There is a stone staircase leading down here.
It was a potion of mutation.
You feel extremely strange.
You feel genetically stable.
You feel robust. The gnoll hits you with a +0 spear!
You die...

....#...PPP.P.#.........###.##.##
###.#...###...##..#####.# #.##.##
#.#...#.#...#...# ##..###)...##
#.#...#.#..P##..# #..........##
#.#...#.#... #..###..####.##.##
###.#...#.#... #..#....# #.##.##
#...#.PP#.#...##....#.#####.##.##
###.#####.#####.g................
#.#...........##@.........####...
#.#.###..#....###g.##.###.####...
#......)........)..............##
#.#.###..#....###..#....#.####.##
#.#.#.........# #..#......#......
#.#.#.#..#....# #..#....###.....[
#.#.#.#..#....###..#...)# #......
#.#.#.#............###### #......
#.#.#.#.....#.####.# ###..##


You could see 2 gnolls.

Vanquished Creatures
  A gnoll (D:2)
  3 adders (D:2)
  3 worms (D:2)
  3 dart slugs
  A bat (D:1)
  3 endoplasms (D:2)
  A giant cockroach (D:2)
  5 hobgoblins
  4 jackals (D:1)
  3 kobolds (D:2)
  3 ball pythons (D:2)
  A frilled lizard (D:2)
  3 rats
34 creatures vanquished.

Notes
Turn   | Place    | Note
-------+----------+-------------------------------------------
     0 | D:1      | cforsyth the Kobold Brigand began the quest for the Orb.
     0 | D:1      | Reached XP level 1. HP: 12/12 MP: 1/1
    66 | D:1      | Reached XP level 2. HP: 18/18 MP: 2/2
   701 | D:2      | Reached XP level 3. HP: 4/22 MP: 3/3
  1129 | D:2      | Identified the +0 leather armour "Voustrucs" {Stlth+}
  1289 | D:2      | Reached XP level 4. HP: 21/27 MP: 4/4
  1385 | D:2      | Reached skill level 6 in Stealth
  1692 | D:2      | Found a runed translucent door.
  1695 | D:2      | Noticed Crazy Yiuf
  2215 | D:3      | HP: 1/28 [gnoll/+0 spear (2)]
  2217 | D:2      | Gained mutation: You are somewhat resistant to further
                  | mutation. [potion of mutation]
  2217 | D:2      | Gained mutation: You are robust. (+10% HP) [potion of
                  | mutation]
  2217 | D:2      | Slain by a gnoll

Illustrated notes

Levels and vault maps discovered:
D:1:      scummos_arrival_simple_fountains, layout_loops_ring,
          chequers_serial_rivers_marsh
D:2:      layout_basic, serial_aquarium, aquarium_bridge_square
          [aquarium_subvault_bridge, aquarium_subvault_bridge,
          aquarium_subvault_window, aquarium_subvault_bridge],
          aquarium_bridge_square [aquarium_subvault_wall,
          aquarium_subvault_window, aquarium_subvault_wall,
          aquarium_subvault_bridge], aquarium_window_fake, aquarium_window_2,
          aquarium_window_2, aquarium_view_2b, aquarium_view_2a,
          aquarium_balcony_3b, uniq_crazy_yiuf_cottage
D:3:      layout_basic

Skill      XL: |  1  2  3  4 |
---------------+-------------+-----
Short Blades   | 3 |  3.7
Dodging        | 2 |  2.6
Fighting       | 3 |  3.1
Stealth        | 6 |  6.1
Throwing       | |  2.1

Action                     |  1- 3 |  4- 6 || total
---------------------------+-------+-------++-------
  Melee: Dagger            |    74 |    51 ||   125
         Punch             |       |     2 ||     2
    Use: Potion            |     1 |     1 ||     2
   Stab: Sleeping          |    15 |     4 ||    19
 Armour: Robe              |    14 |     2 ||    16
  Dodge: Dodged            |    44 |    49 ||    93

Table legend: (Time is in decaauts)
 A = Elapsed time spent in this place.
 B = Non-inter-level travel time spent in this place.
 C = Inter-level travel time spent in this place.
 D = Time resting spent in this place.
 E = Time spent auto-exploring this place.
 F = Levels seen in this place.
 G = Mean time per level.
                   A        B        C        D        E       F      G
               +--------+--------+--------+--------+--------+-----+--------+
         Total |   2200 |   2153 |     47 |    215 |   1661 |   3 |  733.3 |
       Dungeon |   2200 |   2153 |     47 |    215 |   1661 |   3 |  733.3 |
               +--------+--------+--------+--------+--------+-----+--------+

Top non-repeatable levels by time:
     D:2: 1508 daAuts
     D:1: 644 daAuts
     D:3: 47 daAuts
